 Dungeon Crawl Stone Soup version 0.30.1-3-gfc49f6343a (webtiles) character file.

Game seed: 15921082081913521980

25 Peloso the Covered (level 2, 0/27 HPs)
             Began as a Minotaur Fighter on Aug 4, 2023.
             Slain by a gnoll
             ... wielding a +0 club
              (4 damage)
             ... on level 2 of the Dungeon.
             The game lasted 00:02:02 (1262 turns).

Peloso the Covered (Minotaur Fighter)               Turns: 1262, Time: 00:02:02

Health: 0/27       AC:  7    Str: 20    XL:     2   Next: 82%
Magic:  1/1        EV:  9    Int:  5    God:
Gold:   82         SH:  4    Dex:  9    Spells: 1/1 levels left

rFire   . . .        a - +0 long sword
rCold   . . .        c - +0 buckler
rNeg    . . .        b - +0 scale mail
rPois   .            (helmet restricted)
rElec   .            (no cloak)
rCorr   .            (no gloves)
SInv    .            (no boots)
Will    .....        (no amulet) Stlth
                     (no ring)
HPRegen 0.24/turn    (no ring)
MPRegen 0.07/turn

%: no passive effects
@: no status effects
A: horns 2, retaliatory headbutt
a: no special abilities


You were on level 2 of the Dungeon.
You visited 1 branch of the dungeon, and saw 2 of its levels.

You collected 82 gold pieces.

Inventory:

Hand Weapons
 a - a +0 long sword (weapon)
Armour
 b - a +0 scale mail (worn)
 c - a +0 buckler (worn)
Scrolls
 e - a scroll of enchant weapon {unknown}
 f - a scroll of fog {unknown}
 h - a scroll of vulnerability {unknown}
 i - a scroll of enchant armour {unknown}
Potions
 d - 2 potions of might
 g - a potion of berserk rage
 j - a potion of mutation {unknown}


   Skills:
 + Level 4.1 Fighting
 + Level 2.6 Long Blades
 + Level 4.1 Armour
 + Level 4.0 Shields


You had one spell level left.
You didn't know any spells.
Your spell library contained the following spells:

 Spells                   Type           Power      Damage    Failure   Level
 Slow                     Hex            0%         N/A       88%         1
 Confusing Touch          Hex            0%         N/A       99%         3
 Vampiric Draining        Necr           0%         2d6       99%         3


Dungeon Overview and Level Annotations

Branches:
Dungeon (2/15)

Altars:


Innate Abilities, Weirdness & Mutations

You have a pair of horns on your head.
You reflexively headbutt those who attack you in melee.


Message History

The dart slug launches a dart at you. The slug dart misses you.
You slash the dart slug!
You kill the dart slug!
Found an escape hatch in the ceiling.
You see here a dart slug corpse.
You enter the shallow water.
Moving in this stuff is going to be slow.
You now have 82 gold pieces (gained 10).
j - a bubbling golden potion
Found an escape hatch in the floor.
There is an escape hatch in the floor here.
Found a scale mail.
You see here a +0 robe. 2 gnolls come into view.
The gnoll shouts! x2
A gnoll comes into view. It is wielding a +0 spear.
The gnoll hits you from afar with a +0 spear.
The gnoll shouts!
The gnoll closely misses you.
You hit the gnoll.
The gnoll is lightly wounded.
You block the gnoll's attack. The gnoll hits you with a +0 club.
You hit the gnoll.
You headbutt the gnoll, but do no damage.
The gnoll is moderately wounded.
The gnoll closely misses you. You furiously retaliate!
You headbutt the gnoll. The gnoll hits you with a +0 club.
You block the gnoll's attack. The gnoll hits you but does no damage.
You barely miss the gnoll.
The gnoll is heavily wounded.
The gnoll barely misses you. x2; The gnoll hits you with a +0 club.
You hit the gnoll.
The gnoll is heavily wounded.
You block the gnoll's attack. x2; The gnoll hits you with a +0 spear!
* * * LOW HITPOINT WARNING * * *
The gnoll attacks as you move away! The gnoll closely misses you.
The gnoll barely misses you. The gnoll attacks as you move away!
The gnoll hits you with a +0 club.
You die...

#.........<.#####.#.#
#...##............#.#
#...##.##...#######.#
#...##.#....# #.#
#...........# #.#
#...##.#...## ####.# . #
#...##.##..# ##.##.#
...##.##.g##.##..# #~~~P.##
.........gg@..[..####~~~~...
...##.##..#####......P~~..##
.........# ########P...##
.....##.######### #.##...
##### #.........# #.#####
#########.# #...... #.#
#..[... #.# ##.#### #.# #.#


You could see 3 gnolls.

Vanquished Creatures
  2 dart slugs
  2 endoplasms (D:1)
  A giant cockroach (D:1)
  2 goblins (D:1)
  A hobgoblin (D:2)
  A jackal (D:2)
  A kobold (D:1)
  2 quokkas (D:1)
  2 ball pythons (D:1)
  4 bats
  2 frilled lizards (D:1)
  A rat (D:1)
21 creatures vanquished.

Notes
Turn   | Place    | Note
-------+----------+-------------------------------------------
     0 | D:1      | Peloso the Minotaur Fighter began the quest for the Orb.
     0 | D:1      | Reached XP level 1. HP: 19/19 MP: 0/0
    91 | D:1      | Reached XP level 2. HP: 27/27 MP: 1/1
  1262 | D:2      | Slain by a gnoll

Illustrated notes

Levels and vault maps discovered:
D:1:      lightli_arrival_lavapool, layout_basic
D:2:      layout_loops_ring, serial_bayou, serial_bayou_lagoon_a,
          serial_bayou_crossing, serial_bayou_pond_b, serial_bayou_pond_d,
          kennysheep_crisscross, uniq_jessica

Skill      XL: |  1  2 |
---------------+-------+-----
Armour         | 4 |  4.1
Fighting       | 4 |  4.1
Shields        | 4 |  4.0
Long Blades    | |  2.6

Action                     || total
---------------------------++-------
  Melee: Long sword        ||    47
         Headbutt          ||     6
    Use: Scroll            ||     3
         Potion            ||     1
 Armour: Scale mail        ||    34
  Dodge: Dodged            ||    36
  Block: Buckler           ||    17
